 Dungeon Crawl Stone Soup version 0.18-a0-917-g8a3da5b (webtiles) character file.

93 dvd the Chiller (level 4, 0/27 HPs)
             Began as an Octopode Ice Elementalist on Dec 26, 2015.
             Was a Follower of Ashenzari.
             Killed from afar by Sigmund (9 damage)
             ... with a magic dart
             ... on level 3 of the Dungeon.
             The game lasted 00:09:44 (2519 turns).

dvd the Chiller (Octopode Ice Elementalist)         Turns: 2519, Time: 00:09:44

Health: 0/27       AC:  9    Str:  7    XL:     4   Next: 62%
Magic:  1/8        EV: 12    Int: 18    God:    Ashenzari [*.....]
Gold:   95         SH:  0    Dex: 12    Spells: 3 memorised, 2 levels left

rFire  . . .     SeeInvis .     t - +6 club
rCold  . . .     Gourm    .     (no shield)
rNeg   . . .     Faith    .     (helmet restricted)
rPois  .         Spirit   .     (no amulet)
rElec  .         Dismiss  .     r - +3 ring of protection
rCorr  .         Reflect  .     (no ring)
SustAt .         Harm     .     (no ring)
MR     .....                    (no ring)
Stlth  ++++......               (no ring)
                                (no ring)
                                (no ring)
                                (no ring)

@: icy armour, very slightly contaminated, not resistant to hostile
enchantments, stealthy
A: almost no armour, amphibious, 8 rings, constrict 8, camouflage 1, gelatinous
body 1
a: Scrying, Renounce Religion


You were on level 3 of the Dungeon.
You worshipped Ashenzari.
Ashenzari was aware of your devotion.
You were not hungry.

You visited 1 branch of the dungeon, and saw 3 of its levels.

You collected 95 gold pieces.

Inventory:

Hand Weapons
 d - a +0 hand axe
 q - a +0 mace
 t - a +6 club (weapon)
Missiles
 p - 7 tomahawks (quivered)
Jewellery
 r - a +3 ring of protection (left tentacle)
Scrolls
 e - a scroll of identify {unknown}
 g - a scroll of remove curse
 s - a scroll of teleportation {unknown}
Potions
 c - a potion of curing {unknown}
 f - 2 potions of might {unknown}
 h - a potion of mutation {unknown}
 m - a potion of flight {unknown}
 n - a potion of resistance {unknown}
 o - a potion of cancellation {unknown}
 u - 2 potions of heal wounds {unknown}
Books
 a - a book of Frost

   Spells                             Type                      Level
   a - Freeze                         Ice                          1
   b - Throw Frost                    Conjuration/Ice              2
   c - Ozocubu's Armour               Charms/Ice                   3
   d - Throw Icicle                   Conjuration/Ice              4
   e - Summon Ice Beast               Ice/Summoning                4
   f - Condensation Shield            Ice                          4
Comestibles
 b - 5 bread rations
 i - a royal jelly
 j - 2 beef jerkies
 k - 2 chunks of flesh
 l - a slice of pizza


   Skills:
 + Level 0.4 Fighting
 + Level 0.6 Axes
 + Level 2.4 Dodging
 + Level 3.6 Stealth
 + Level 2.6 Spellcasting
 + Level 1.0 Conjurations
 + Level 0.6 Charms
 + Level 3.8 Ice Magic


You had 2 spell levels left.
You knew the following spells:

 Your Spells              Type           Power        Failure   Level  Hunger
a - Freeze                Ice            ###.         4%          1    #......
b - Throw Frost           Conj/Ice       ##....       12%         2    ##.....
c - Ozocubu's Armour      Chrm/Ice       ##......     24%         3    ###....


Dungeon Overview and Level Annotations

Branches:
Dungeon (3/15)

Altars:
Ashenzari
Vehumet

Annotations:
D:3 Sigmund


Innate Abilities, Weirdness & Mutations

You cannot wear most types of armour.
You are amphibious.
You can wear up to eight rings at the same time.
You can use your tentacles to constrict eight enemies at once.
Your skin changes colour to match your surroundings (Stealth).
Your rubbery body absorbs attacks (AC +1).


Message History

Aim: Sigmund, wielding an enchanted scythe and wearing a runed robe The puff of frost hits Sigmund.
Sigmund is lightly wounded.
Sigmund casts a spell at you. The puff of flame hits you!
Casting: Throw Frost
Confirm with . or Enter, or press ? or * to list all spells.
You miscast Ozocubu's Armour.
You are very lightly contaminated with residual magic.
Multicoloured lights dance before your eyes!
Casting: Ozocubu's Armour
Confirm with . or Enter, or press ? or * to list all spells.
A film of ice covers your body!
Sigmund hits you from afar with an enchanted scythe.
Sigmund hits you with an enchanted scythe.
You barely miss Sigmund. Your grab misses Sigmund.
Sigmund is lightly wounded.
Sigmund casts a spell at you. The magic dart hits you!
You die...

...........+.........+.......#
#####...#.##.........####...##
##.#...##......)# ##.##
#.......##.....# #.#####
#.##...## #...# #.#...# #.
##.## #'# #...#.# #. ### #.#
###...# #@# ##.## ######@####
#.# #.#####.........# #.#
#...............# #######.#
######.###...#.# #.......#
#.###..##.###.#######
#.............#
#.####.##.##### #.# #.##.#
###########.####.##.#


You could see Sigmund.

Vanquished Creatures
  Robin (D:3)
  3 adders (D:3)
  A worm (D:2)
  An orc (D:3)
  4 bats
  13 goblins
  8 hobgoblins
  3 quokkas
  3 ball pythons
  2 giant newts
  2 jackals (D:2)
  3 kobolds
  4 rats
48 creatures vanquished.

Notes
Turn   | Place    | Note
--------------------------------------------------------------
     0 | D:1      | dvd the Octopode Ice Elementalist began the quest for the Orb.
     0 | D:1      | Reached XP level 1. HP: 11/11 MP: 3/3
    83 | D:1      | Found a shattered altar of Ashenzari.
   137 | D:1      | Became a worshipper of Ashenzari the Shackled
   333 | D:1      | Reached XP level 2. HP: 17/17 MP: 3/5
   342 | D:1      | Learned a level 2 spell: Throw Frost
  1168 | D:2      | Reached XP level 3. HP: 17/21 MP: 2/6
  1173 | D:2      | Learned a level 3 spell: Ozocubu's Armour
  1943 | D:3      | Found a radiant altar of Vehumet.
  1949 | D:3      | Reached * piety under Ashenzari
  2062 | D:3      | Noticed Robin
  2073 | D:3      | Killed Robin
  2073 | D:3      | Reached XP level 4. HP: 17/27 MP: 1/7
  2508 | D:3      | Noticed Sigmund
  2519 | D:3      | Killed from afar by Sigmund

Vault maps used:
D:1:      onia_arrival_mini_maze_b, evilmike_ruin_ashenzari
D:2:      serial_co_window_serial, co_window_of_opportunity_a,
          co_window_corner_a, co_window_of_opportunity_a,
          co_window_of_opportunity_a, co_window_paths_b, co_window_broadway_c,
          co_window_broadway_b, co_window_broadway_b, glass_columns_a,
          glass_columns_c, glass_columns_a, glass_columns_b, glass_columns_a
D:3:      overflow_temple_1_default, first_bread, uniq_sigmund, uniq_robin

Action                   |  1- 3 |  4- 6 || total
-------------------------+-------+-------++-------
Melee: Unarmed           |     4 |       ||     4
       Hand axe          |    27 |    11 ||    38
       Mace              |    19 |       ||    19
       Club              |       |    11 ||    11
Throw: Tomahawk          |     1 |       ||     1
 Cast: Freeze            |    20 |     2 ||    22
       Throw Frost       |     8 |     1 ||     9
       Ozocubu's Armour  |     7 |     1 ||     8
 Stab: Sleeping          |    10 |     2 ||    12
  Eat: Chunk             |     5 |     2 ||     7
